 Dungeon Crawl Stone Soup version 0.21.0-24-g2553a33 (webtiles) character file.

1123 Gorglomux the Skirmisher (level 8, -1/51 HPs)
             Began as a Gargoyle Fighter on Jan 21, 2018.
             Was a Follower of the Shining One.
             Killed by divine providence
             ... invoked by an orc priest
              (15 damage)
             ... on level 4 of the Dungeon.
             The game lasted 00:01:59 (2609 turns).

Gorglomux the Skirmisher (Gargoyle Fighter)         Turns: 2609, Time: 00:02:00

Health: -1/51      AC: 19    Str: 22    XL:     8   Next: 35%
Magic:  8/8        EV:  8    Int:  9    God:    the Shining One [*.....]
Gold:   156        SH: 10    Dex:  9    Spells: 7/7 levels left

rFire    . . .     SeeInvis .   a - +0 war axe
rCold    . . .     Gourm    .   c - +0 shield
rNeg     + . .     Faith    .   b - +0 scale mail
rPois    ∞         Spirit   .   (no helmet)
rElec    +         Reflect  .   (no cloak)
rCorr    +         Harm     .   k - +0 pair of gloves
MR       .....                  (no boots)
Stlth    ..........             n - amulet of magic regeneration
HPRegen  0.17/turn              g - ring of resist corrosion
MPRegen  0.36/turn              s - +5 ring of protection

@: glowing
A: negative energy resistance 1, electricity resistance, unbreathing,
petrification resistance, rot immunity, AC +5
a: Renounce Religion


You were on level 4 of the Dungeon.
You worshipped the Shining One.
The Shining One was aware of your devotion.
You were not hungry.

You visited 1 branch of the dungeon, and saw 4 of its levels.

You collected 156 gold pieces.

Inventory:

Hand Weapons
 a - a +0 war axe (weapon)
Armour
 b - a +0 scale mail (worn)
 c - a +0 shield (worn)
 k - a +0 pair of gloves (worn)
Jewellery
 g - a ring of resist corrosion (left hand)
 n - an amulet of magic regeneration (around neck)
 s - a +5 ring of protection (right hand)
Scrolls
 j - a scroll of teleportation {unknown}
 m - a scroll of enchant weapon {unknown}
 o - a scroll of fog {unknown}
 r - a scroll of remove curse {unknown}
 x - a scroll of magic mapping {unknown}
 B - a scroll of blinking
Potions
 i - 3 potions of degeneration {unknown}
 q - 3 potions of curing {unknown}
 t - a potion of lignification {unknown}
 u - 2 potions of agility
Books
 w - a book of Changes

   Spells                             Type                      Level
   a - Beastly Appendage              Transmutation                1
   b - Sticks to Snakes               Transmutation                2
   c - Spider Form                    Transmutation/Poison         3
   d - Ice Form                       Ice/Transmutation            4
   e - Blade Hands                    Transmutation                5
 C - a book of Air

   Spells                             Type                      Level
   a - Shock                          Conjuration/Air              1
   b - Swiftness                      Charms/Air                   2
   c - Static Discharge               Conjuration/Air              3
   d - Airstrike                      Air                          4
   e - Lightning Bolt                 Conjuration/Air              5
Comestibles
 f - 13 rations


   Skills:
 + Level 6.2 Fighting
 + Level 4.6 Axes
 + Level 6.2 Armour
 + Level 6.1 Shields


You had 7 spell levels left.
You didn't know any spells.

Dungeon Overview and Level Annotations

Branches:
Dungeon (4/15)
 Temple: D:4-7

Altars:
Gozag
Uskayaw
The Shining One


Innate Abilities, Weirdness & Mutations

You are resistant to torment.
Your stone body is resilient. (AC +5)
You are immune to poison.
You resist negative energy. (rN+)
You are resistant to electric shocks. (rElec)
You can survive without breathing.
You are immune to petrification.
You are immune to rotting.


Message History

A two-headed ogre is nearby!!!
You butt too injured to fight recklessly!!!
You are too injured to fight recklessly!!!
You are too injured to fight recklessly!!!
You are too injured to fight recklessly!!!
A two-headed ogre is nearby!!!
You aren't carrying any items that you can evoke!
The two-headed ogre hits you with a giant club! * * * don't die
* * * The butt-headed ogre hits you with a giant club! * * * don't die
* * *
Found a hunting sling!
Found 8 silver tomahawks!
All of the butts of butt in your inventory have rotted away!
An orc and an orc priest come into view!
The orc shouts!!!
The orc priest shouts!!!
You hear a shout!!!
An orc priest comes into view! It is wielding a hand axe!
The orc priest invokes the aid of Beogh against you!
Beogh smites you!!! rip

...## ..##..>######.#.# ....###
###(#.####...........# ...##..
..)....o##)######..### #.# #.#
#.... #o##.# #.## #.# #.# #.#.#
#o##.# #.# #.# #.# #.#.# #.##.#
#.##### #.# #.# #.#.###(##.#
#[#...## #.###.###.#..##.##.#
#......##
#.#...........O.@..######.......#
#.#.......##.##.###.............#
#.........##.##.# #.#####.....†.#
###.....#.##.##.###.# #........
#..>.)#...........# #.#...###
###...........##### #.#......
########.#### #......## #.#
#........ #.# #........


You could see a two-headed ogre, 2 orc priests and an orc.

Vanquished Creatures
  Pikel (D:4)
  Grinder (D:3)
  Sigmund (D:3)
  2 slaves (D:4)
  A scorpion (D:4)
  A hound (D:4)
  2 orc wizards (D:3)
  A worker ant (D:4)
  Robin (D:3)
  3 adders
  An ooze (D:4)
  An adder skeleton (D:4)
  4 worms
  7 leopard geckos
  11 orcs (D:3)
  2 giant cockroaches
  16 goblins
  9 hobgoblins
  6 jackals
  2 ball pythons
  8 bats
  6 frilled lizards
  5 kobolds
  6 rats
98 creatures vanquished.

Notes
Turn   | Place    | Note
-------+----------+-------------------------------------------
     0 | D:1      | Gorglomux the Gargoyle Fighter began the quest for the Orb.
     0 | D:1      | Reached XP level 1. HP: 14/14 MP: 1/1
   127 | D:1      | Reached XP level 2. HP: 18/19 MP: 2/2
   586 | D:2      | Reached XP level 3. HP: 23/23 MP: 3/3
   909 | D:2      | Reached XP level 4. HP: 28/29 MP: 4/4
   948 | D:2      | Found an opulent altar of Gozag.
  1001 | D:2      | Found a hide-covered altar of Uskayaw.
  1161 | D:2      | Found a glowing golden altar of the Shining One.
  1297 | D:2      | Became a worshipper of the Shining One
  1440 | D:3      | Noticed Grinder
  1442 | D:3      | Noticed Sigmund
  1455 | D:3      | Killed Grinder
  1455 | D:3      | Reached skill level 3 in Axes
  1455 | D:3      | Reached XP level 5. HP: 25/34 MP: 5/5
  1455 | D:3      | Reached XP level 6. HP: 29/39 MP: 6/6
  1475 | D:3      | Killed Sigmund
  1586 | D:3      | Noticed Robin
  1602 | D:3      | Reached XP level 7. HP: 35/44 MP: 7/7
  1622 | D:3      | Killed Robin
  2335 | D:4      | Reached * piety under the Shining One
  2364 | D:4      | Noticed Pikel
  2402 | D:4      | Killed Pikel
  2402 | D:4      | Reached skill level 6 in Fighting
  2402 | D:4      | Reached skill level 6 in Armour
  2402 | D:4      | Reached skill level 6 in Shields
  2402 | D:4      | Reached XP level 8. HP: 36/51 MP: 8/8
  2584 | D:4      | Noticed a two-headed ogre
  2609 | D:4      | Killed from afar by an orc priest

Skill      XL: |  1  2  3  4  5  6  7 |
---------------+----------------------+-----
Axes           | 2 3 4 |  4.6
Fighting       | 4 5 6 |  6.2
Shields        | 4 5 6 |  6.1
Armour         | 4 5 6 |  6.2

Action                   |  1- 3 |  4- 6 |  7- 9 || total
-------------------------+-------+-------+-------++-------
Melee: War axe           |   119 |   116 |    99 ||   334
  Use: Potion            |       |     1 |       ||     1
       Scroll            |       |       |     1 ||     1
  Eat: Chunk             |       |     3 |     3 ||     6
Armor: Scale mail        |    87 |    74 |    58 ||   219
Dodge: Dodged            |    51 |    46 |    31 ||   128
Block: Shield            |   102 |    70 |    66 ||   238
